Description

Place two warp prisms on either side for pendulum attack-style harassment while building a base on an enemy third.

Build Order

Get SALT Encoding   

  14  0:19  Pylon  
  15  0:39  Probe (Chrono Boost)  Chrono Nexus
  17  0:44  Gateway  
  18  1:08  Nexus  
  19  1:15  Pylon  
  19  1:28  Probe (Chrono Boost)  Chrono Nexus
  20  1:25  Assimilator  
  21  1:35  Zealot  
  22  1:40  Probe  
  23  1:45  Cybernetics Core  
  23  1:52  Assimilator  
  26  2:00  Zealot  
  27  2:10  Probe  
  28  2:22  Probe  
  28  2:28  Pylon  
  28  2:30  Probe x2 (Chrono Boost), Twilight Council  Chronos Nexi
  30  2:35  Warp Gate, Zealot  Research Warpgate
  32  2:45  Probe x2  
  34  2:55  Probe x2  
  37  3:05  Robotics Facility, Probe x2  
  38  3:10  Charge  
  40  3:15  Probe x2  
  40  3:25  Pylon  
  43  3:30  Stalker  
  44  3:35  Probe x2 (Chrono Boost)  Chronos Nexi
  46  3:45  Probe x2  
  48  3:55  Assimilator x2  
  50  4:05  Gateway x3, Probe x2  
  50  4:15  Warp Prism  
  53  4:25  Gateway x4  
  54  4:45  Pylon  
  56  4:55  Forge  
  66  5:05  Nexus  
  68  5:10  Pylon  
  70  5:30  Warp Prism, Zealot x8  
  66  5:45  Pylon  
  66  6:00  Immortal  
  66  6:15  Gateway x3  
  66  6:25  Protoss Ground Weapons Level 1  
  66  6:30  Forge, Zealot x4  
  74  6:45  Zealot x4  
  72  7:30  Nexus  
Spawning Tool Build Advisor. Get it on Overwolf

Go to:

Details

  • Created by: k-jax
  • Published on: Jun 13, 2025
  • Modified on: Jun 21, 2025
  • Patch: 5.0.11
  • Difficulty: Medium
Show
View Real Time Build Order
Export as new Build Order

Comments (0)

There are no comments. Be the first!

Create an account to comment!